AoeStats
← Hoycbb

Lombardia

509701713Analyzed
3v3 RM · 4d ago on Sep 27, 2026· 70m 22s· 6 players
Game mode
Random Map
Map size
Normal (6 player)
Population
200
Speed
Normal
Resources
Standard
Victory
Conquest
Starting age
Dark Age
Ending age
Imperial Age
RankedLock teamsTeams togetherTeam positionsShared explorationLock speedFull tech treeHidden civsTurbo modeCheats
Victory
Defeat
🇨🇱 Varangians · Chile
920
+15
🇮🇹 Romans · Italy
910
+15
🇨🇱 Teutons · Chile
904
+15
🇳🇱 Franks · Netherlands
1006
-20
🇳🇱 Mongols · Netherlands
873
-14
🇳🇱 Spanish · Netherlands
787
-11
matthijs4121991
9:47 Loom
11:33 Feudal Age
16:25 Castle Age
14:37 Double-Bit Axe
14:35 Horse Collar
16:17 Stone Mining
16:22 Gold Mining
18:02 Wheelbarrow
19:57 Bow Saw
24:42 Hand Cart
25:29 Town Watch
27:47 Heavy Plow
28:43 Fervor
28:42 Fletching
28:53 Padded Archer Armor
34:36 Imperial Age
32:48 Bodkin Arrow
33:21 Ballistics
34:17 Leather Archer Armor
36:00 Drill
36:01 Conscription
36:04 Elite Mangudai
41:22 Nomads
42:26 Chemistry
41:32 Siege Engineers
40:51 Onager
43:21 Parthian Tactics
43:02 Thumb Ring
43:00 Bracer
44:04 Husbandry
44:14 Bloodlines
48:44 Capped Ram
49:36 Siege Ram
49:37 Siege Onager
50:56 Heavy Camel Rider
56:00 Forging
55:56 Scale Barding Armor
59:21 Light Cavalry
62:13 Hussar
63:46 Iron Casting
63:32 Chain Barding Armor
63:22 Caravan
marcoprins1991
11:57 Feudal Age
12:29 Double-Bit Axe
21:48 Castle Age
21:57 Scale Barding Armor
23:15 Pikeman
28:43 Chain Barding Armor
31:42 Stone Mining
31:48 Gold Mining
38:43 Imperial Age
38:39 Scale Mail Armor
40:12 Bow Saw
39:36 Halberdier
40:15 Cavalier
42:16 Gold Shaft Mining
41:56 Chivalry
41:40 Paladin
46:09 Forging
51:21 Coinage
50:51 Caravan
55:35 Light Cavalry
59:16 Banking
66:25 Chain Mail Armor
66:46 Plate Barding Armor
niwi92
12:22 Feudal Age
15:01 Double-Bit Axe
15:10 Stone Mining
15:10 Gold Mining
15:04 Horse Collar
20:36 Castle Age
21:57 Pikeman
23:22 Bow Saw
23:55 Stone Shaft Mining
24:31 Heavy Plow
28:40 Wheelbarrow
30:15 Hand Cart
30:48 Scale Barding Armor
30:54 Forging
31:50 Chain Barding Armor
35:15 Iron Casting
36:23 Guard Tower
40:37 Imperial Age
41:04 Cavalier
41:48 Husbandry
42:57 Chemistry
45:32 Conscription
48:00 Two-Man Saw
50:50 Paladin
52:08 Plate Barding Armor
52:34 Blast Furnace
bucci71
3:00 Loom
11:08 Feudal Age
12:26 Wheelbarrow
11:39 Double-Bit Axe
11:42 Horse Collar
12:13 Gold Mining
13:16 Stone Mining
19:53 Castle Age
18:47 Forging
19:38 Scale Mail Armor
20:52 Hand Cart
21:30 Bow Saw
21:53 Heavy Plow
23:05 Gold Shaft Mining
25:31 Ballistas
27:16 Town Watch
31:05 Pikeman
34:41 Imperial Age
33:20 Man-at-Arms
34:20 Town Patrol
34:47 Chain Mail Armor
35:07 Iron Casting
35:20 Halberdier
37:31 Chemistry
37:44 Blast Furnace
38:28 Comitatenses
38:08 Elite Centurion
38:12 Long Swordsman
38:50 Capped Ram
41:08 Heavy Scorpion
41:30 Legionary
44:10 Siege Ram
52:12 Scale Barding Armor
52:11 Caravan
ISCO
10:32 Feudal Age
11:34 Double-Bit Axe
11:32 Horse Collar
15:14 Wheelbarrow
15:03 Bloodlines
23:30 Castle Age
21:56 Forging
22:57 Scale Barding Armor
25:27 Bow Saw
25:28 Husbandry
26:14 Hand Cart
26:01 Heavy Plow
26:32 Gold Mining
27:44 Stone Mining
33:32 Chain Barding Armor
34:55 Iron Casting
35:53 Stone Shaft Mining
36:09 Elite Skirmisher
36:59 Squires
36:45 Gambesons
41:24 Imperial Age
40:54 Fletching
43:00 Elite Jarl
45:12 Chemistry
44:33 Ballistics
51:40 Conscription
50:59 Light Cavalry
52:41 Hussar
63:07 Caravan
62:45 Gothikon
Hoycbb
4:22 Loom
10:32 Feudal Age
12:14 Double-Bit Axe
18:34 Castle Age
19:28 Bloodlines
19:36 Forging
20:13 Bow Saw
19:45 Pikeman
21:42 Iron Casting
23:44 Horse Collar
25:35 Wheelbarrow
25:05 Scale Mail Armor
26:49 Heavy Plow
28:27 Chain Mail Armor
31:03 Hand Cart
30:37 Town Watch
33:36 Imperial Age
34:24 Caravan
33:59 Cavalier
34:51 Scale Barding Armor
35:46 Blast Furnace
36:16 Chain Barding Armor
37:15 Crop Rotation
37:47 Two-Man Saw
37:21 Paladin
38:59 Plate Barding Armor
38:48 Conscription
43:05 Ballistics
43:54 Chemistry
55:44 Fletching
56:01 Gambesons
56:17 Squires
56:09 Arrowslits
56:35 Masonry
56:30 Siege Engineers
58:00 Bodkin Arrow
69:47 Town Patrol
Connection lost

Rejoining the realm…

Still unreachable

The connection could not be restored.

Session expired

The server has moved on; the page needs a fresh start.